 Dungeon Crawl Stone Soup version 0.29.1-1-gd02db6906a (webtiles) character file.

Game seed: 14089693195823952376

171 Ashen the Chiller (level 5, -12/37 HPs)
             Began as a Demonspawn Ice Elementalist on Sept 28, 2022.
             Killed by an exploding ufetubus (32 damage)
             ... ignited by their inner flame
             ... on level 5 of the Dungeon.
             The game lasted 00:05:59 (3431 turns).

Ashen the Chiller (Demonspawn Ice Elementalist)     Turns: 3431, Time: 00:06:00

Health: -12/37     AC:  5    Str:  8    XL:     5   Next: 26%
Magic:  9/9        EV: 12    Int: 19    God:
Gold:   111        SH:  0    Dex: 13    Spells: 3/10 levels left

rFire   . . .      SeeInvis .   w - +1 whip (venom)
rCold   . . .      Faith    .   (no shield)
rNeg    . . .      Spirit   .   j - +0 leather armour
rPois   .          Reflect  .   (no helmet)
rElec   .          Harm     .   k - +0 cloak
rCorr   .          Rampage  .   f - +0 pair of gloves
Will    .....                   (no boots)
Stlth   ++........              (no amulet)
HPRegen 0.12/turn               (no ring)
MPRegen 0.11/turn               (no ring)

@: no status effects
A: spiny 1, sturdy frame 1
a: no special abilities


You were on level 5 of the Dungeon.
You visited 1 branch of the dungeon, and saw 6 of its levels.

You collected 111 gold pieces.

Inventory:

Hand Weapons
 w - a +1 whip of venom (weapon)
Missiles
 a - 6 javelins
 u - 9 poisoned darts (quivered)
Armour
 f - a +0 pair of gloves (worn)
 j - a +0 leather armour (worn)
 k - a +0 cloak (worn)
Magical Staves
 m - a staff of air
Scrolls
 c - a scroll of blinking
 i - 4 scrolls of identify {unknown}
 l - a scroll of fear {unknown}
 n - a scroll of silence {unknown}
 p - a scroll of enchant weapon {unknown}
 q - 3 scrolls of poison {unknown}
 s - a scroll of enchant armour {unknown}
 x - a scroll of teleportation {unknown}
 y - a scroll of noise {unknown}
Potions
 b - a potion of magic
 d - a potion of degeneration {unknown}
 g - a potion of flight {unknown}
 o - a potion of haste {unknown}
 r - a potion of lignification {unknown}
 t - a potion of resistance {unknown}
 v - 2 potions of curing {unknown}
 z - a potion of might {unknown}


   Skills:
 + Level 1.4 Fighting
 + Level 2.4 Dodging
 + Level 2.6 Stealth
 * Level 3.2 Spellcasting
 * Level 4.4 Ice Magic


You had 3 spell levels left.
You knew the following spells:

 Your Spells              Type           Power      Damage    Failure   Level
a - Freeze                Ice            76%        1d9       2%          1
b - Frozen Ramparts       Ice            38%        1d6       8%          3
c - Ozocubu's Armour      Ice            19%        N/A       8%          3

Your spell library contained the following spells:

 Spells                   Type           Power      Damage    Failure   Level
 Shock                    Conj/Air       12%        1d3       16%         1
 Swiftness                Air            3%         N/A       43%         3
 Hailstorm                Conj/Ice       11%        3d5       54%         4
 Airstrike                Air            1%         2d(1-17)  85%         4


Dungeon Overview and Level Annotations

Branches:
Dungeon (6/15)
 Temple: D:4-7

Altars:
Ashenzari

Annotations:
D:2 Sigmund
D:6 Dowan


Innate Abilities, Weirdness & Mutations

You are partially covered in sharp spines.
Your movements are slightly less encumbered by armour. (ER -2)


Message History

Sharp spines emerge from parts of your body.
Magic restored.
HP restored.
y - a scroll labelled XUNAEPT QIFAU
Found a stone staircase leading up.
Found a stone staircase leading down.
Found an escape hatch in the floor.
Dowan, Brother of Duvessa comes into view.
He is wielding a +0 dagger.
There is a stone staircase leading up here.
Dowan shouts!
You climb upwards.
You hear the sound of rushing water.
There is an entrance to a sewer on this level.
Hurry and find it before the portal rusts away!
The ufetubus shouts!
Found an escape hatch in the floor.
There is a stone staircase leading down here.
Blink to where?
Press: ? - help, Dir - move target, f - you Are you sure you want to cancel this blink?
Blink to where?
Press: ? - help, Dir - move target
Found a viscous red potion.
As you read the scroll labelled NONLIU VUNUDAH, it crumbles to dust.
It was a scroll of blinking.
Found a stone staircase leading up.
Found a scroll labelled JAORE WUCA.
You see here a viscous red potion.
As you read the scroll labelled YQOFYE ILINI, it crumbles to dust.
The creatures around you are filled with an inner flame!
It was a scroll of immolation.
As you read the scroll labelled EQADIX NABEMA, it crumbles to dust.
Your body is wracked with pain!
It was a scroll of torment.
The ufetubus is struck by your spines.
Flame seeps out of the ufetubus.
The ufetubus barely misses you. The ufetubus closely misses you.
v - 2 viscous red potions (gained 1)
The ufetubus is engulfed in blazing flames.
The ufetubus explodes!
The fiery explosion engulfs you!!
Ouch! That really hurt!
You die...

.......?# #............
........## ............
.........# #.5....>....
.........## #...........
..........# #...........
..........# #..........
.......§§§## #..........
.......@○§.###..>.......
.......§§§..............
........................
........................
.......##########.......
..#.### #...... ##.#
##.... #. ###.


There were no monsters in sight!

Vanquished Creatures
  A bullfrog (D:6)
  2 adders
  An ufetubus (D:5)
  5 worms
  3 dart slugs
  5 orcs (D:3)
  7 endoplasms
  A giant cockroach (D:1)
  6 hobgoblins
  5 kobolds
  A quokka (D:1)
  6 ball pythons
  2 bats
  3 frilled lizards
  11 goblins
  8 rats
67 creatures vanquished.

Notes
Turn   | Place    | Note
-------+----------+-------------------------------------------
     0 | D:1      | Ashen the Demonspawn Ice Elementalist began the quest for
                  | the Orb.
     0 | D:1      | Reached XP level 1. HP: 13/13 MP: 3/3
   364 | D:1      | Gained mutation: Your movements are slightly less
                  | encumbered by armour. (ER -2) [demonic ancestry]
   364 | D:1      | Reached XP level 2. HP: 14/19 MP: 1/5
  1031 | D:2      | Reached XP level 3. HP: 20/25 MP: 4/6
  1306 | D:2      | Found a broken altar of Ashenzari.
  1699 | D:2      | Reached skill level 4 in Ice Magic
  2052 | D:2      | Noticed Sigmund
  2165 | D:2      | Learned a level 3 spell: Frozen Ramparts
  2169 | D:2      | Learned a level 3 spell: Ozocubu's Armour
  2339 | D:3      | Reached XP level 4. HP: 18/31 MP: 8/8
  2503 | D:3      | Reached skill level 1 in Fighting
  2978 | D:4      | Noticed an orc warrior
  3352 | D:4      | You fall into a shaft and drop 2 floors!
  3364 | D:6      | Noticed a bullfrog
  3372 | D:6      | Killed a bullfrog
  3373 | D:6      | Gained mutation: You are partially covered in sharp spines.
                  | [demonic ancestry]
  3373 | D:6      | Reached XP level 5. HP: 33/37 MP: 7/9
  3419 | D:6      | Noticed Dowan
  3421 | D:5      | Entered Level 5 of the Dungeon
  3431 | D:5      | Killed by an exploding ufetubus... ignited by their inner
                  | flame

Illustrated notes

Levels and vault maps discovered:
D:1:      amcnicky_arrival_flooded_fountain, layout_loops_ring
D:2:      layout_basic, basic_altar, minmay_misc_feat_diagonals, uniq_sigmund
D:3:      kennysheep_the_goblin_king, layout_rooms, chequers_serial_rivers_marsh
D:4:      layout_basic, serial_shops, nicolae_shop_hallway_plus
D:5:      layout_cave_pods, cheibrodos_sewer_entry_bend, serial_shops,
          nicolae_shop_stone, nicolae_shop_hallway_plus
D:6:      layout_cave_pools, uniq_prince_ribbit1, uniq_duvessa

Skill      XL: |  1  2  3  4 |
---------------+-------------+-----
Stealth        | 2 |  2.6
Dodging        | 2 |  2.4
Ice Magic      | 4 |  4.4
Fighting       | 1 |  1.4
Spellcasting   | 3 |  3.2

Action                   |  1- 3 |  4- 6 || total
-------------------------+-------+-------++-------
Melee: Short sword       |    64 |       ||    64
       Unarmed           |     3 |       ||     3
       Punch             |     1 |       ||     1
       Whip              |    14 |    36 ||    50
 Cast: Freeze            |    38 |     3 ||    41
       Frozen Ramparts   |     1 |     3 ||     4
  Use: Scroll            |       |     3 ||     3
 Stab: Sleeping          |     6 |       ||     6
Armor: Robe              |    10 |       ||    10
       Leather armour    |    18 |    10 ||    28
Dodge: Dodged            |    72 |    19 ||    91
